 Dungeon Crawl Stone Soup version 0.31-a0-819-gf6de2f5ab6 (webtiles) character file.

Game seed: 4388051753246185104

1149 Shayle the Trooper (level 8, -5/92 HPs)
             Began as an Ogre Hexslinger on Sept 24, 2023.
             Was an Initiate of Makhleb.
             Slain by a two-headed ogre
             ... wielding a +0 giant club
              (11 damage)
             ... on level 7 of the Dungeon.
             The game lasted 00:16:41 (7559 turns).

Shayle the Trooper (Ogre Hexslinger)                Turns: 7559, Time: 00:16:41

Health: -5/92      AC:  4    Str: 10 (13) XL:     8   Next: 38%
Magic:  16/16      EV:  9    Int: 15 (16) God:    Makhleb [......]
Gold:   395        SH:  0    Dex:  9 (11) Spells: 18/18 levels left

rFire   . . .        l - +1 broad axe (drain)
rCold   . . .        (no shield)
rNeg    . . .        c - +1 robe
rPois   .            (helmet restricted)
rElec   .            (no cloak)
rCorr   .            (gloves unavailable)
SInv    .            (boots unavailable)
Will    .....        (no amulet)
Stlth   +            (no ring)
HPRegen 0.35/turn    (no ring)
MPRegen 0.15/turn

%: no passive effects
@: mighty, hasted, very quick
A: large, unfitting armour, tough skin 1, robust 1, MP-powered wands
a: Renounce Religion


You were on level 7 of the Dungeon.
You worshipped Makhleb.
Makhleb was noncommittal.
You visited 1 branch of the dungeon, and saw 7 of its levels.

You collected 395 gold pieces.

Inventory:

Hand Weapons
 a - a +1 sling
 f - a +1 dagger of draining
 l - a +1 broad axe of draining (weapon)
Missiles
 e - 5 datura-tipped darts
 j - a throwing net
Armour
 c - a +1 robe (worn)
 o - a +0 kite shield
Jewellery
 n - a ring of flight
 p - an amulet of faith
Talismans
 g - a serpent talisman
Wands
 t - a wand of polymorph (7)
Scrolls
 d - a scroll of revelation
 q - a scroll of enchant armour
 r - 2 scrolls of identify
Potions
 h - 2 potions of brilliance
 s - a potion of degeneration


   Skills:
 + Level 6.7 Fighting
 - Level 1.3 Ranged Weapons
 - Level 1.7 Dodging
 + Level 3.8 Shields
 - Level 5.5 Spellcasting
 - Level 2.6 Hexes
 + Level 4.5 Fire Magic
 + Level 0.2 Invocations


You had 18 spell levels left.
You didn't know any spells.
Your spell library contained the following spells:

 Spells                   Type           Power      Damage    Failure   Level
 Jinxbite                 Hex            24%        N/A       8%          2
 Inner Flame              Hex/Fire       14%        N/A       11%         3
 Sigil of Binding         Hex            12%        N/A       16%         3
 Cigotuvi's Dreadful Rot  Necr/Pois/Air  8%         N/A       24%         2
 Ignite Poison            Fire/Tmut/Pois 8%         N/A       26%         3
 Cause Fear               Hex            6%         N/A       45%         4
 Dimensional Bullseye     Hex/Tloc       4%         N/A       65%         4
 Freezing Cloud           Conj/Ice/Air   2%         6-21      99%         5


Dungeon Overview and Level Annotations

Branches:
Dungeon (7/15)
 Temple: D:4-7

Altars:
Dithmenos
Elyvilon
Gozag
Hepliaklqana
Makhleb
Okawaru
Vehumet
Xom
Zin
The Shining One

Shops:
D:4 *   D:6 :

Annotations:
D:3 2 transporters, Sundig's ghost, weakling DgFi


Innate Abilities, Weirdness & Mutations

You are too large for most types of armour.
You have tough skin. (AC +1)
You are robust. (+10% HP)
You expend magic power (3 MP) to strengthen your wands.


Message History

The deep elf pyromancer blinks!
As you read the scroll of fog, it dissolves into smoke.
Your surroundings suddenly seem different.
Found a pair of boots.
The hound barks!
You miss the hound. The hound bites you but does no damage.
You closely miss the hound. The hound closely misses you.
The hound barely misses you. The hound closely misses you.
You barely miss the hound.
The two-headed ogre shouts in stereo!
The hound closely misses you.
You hit the hound.
The hound is moderately wounded.
The hound stops to sniff the ground.
The hound barely misses you. x2
You barely miss the hound.
The hound is moderately wounded.
The hound bites you.
* * * LOW HITPOINT WARNING * * *
The hound barely misses you.
You miss the hound.
The hound is moderately wounded.
The hound bites you but does no damage.
You barely miss the hound.
The hound is moderately wounded.
The hound closely misses you. The hound bites you.
* * * LOW HITPOINT WARNING * * *
You closely miss the hound.
The hound is moderately wounded.
The hound bites you.
* * * LOW HITPOINT WARNING * * *
The hound bites you.
* * * LOW HITPOINT WARNING * * *
You slash the hound!
You kill the hound!
Makhleb accepts your kill.
You barely miss the two-headed ogre. The two-headed ogre closely misses you.
The two-headed ogre hits you with a +0 giant club!
You die...

.........##
#.........#
#.........#
#........#
#........#
##.......#
##.....##
#...#O##
#####@.#
##..# ###


You could see a two-headed ogre.

Vanquished Creatures
  2 phantoms
  2 bullfrogs (D:6)
  2 scorpions
  A crimson imp (D:5)
  5 hounds
  A gnoll bouda (D:5)
  An orc priest (D:2)
  2 orc wizards
  8 iguanas
  5 gnolls (D:5)
  7 adders
  2 white imps (D:6)
  4 ufetubi
  A worm (D:3)
  4 dart slugs
  9 orcs
  10 endoplasms
  3 giant cockroaches
  9 goblins
  5 hobgoblins
  A jackal (D:2)
  6 quokkas
  5 ball pythons
  6 bats
  4 frilled lizards (D:3)
  7 kobolds
  5 rats
117 creatures vanquished.

Notes
Turn   | Place    | Note
-------+----------+-------------------------------------------
     0 | D:1      | Shayle the Ogre Hexslinger began the quest for the Orb.
     0 | D:1      | Reached XP level 1. HP: 19/19 MP: 2/2
    19 | D:1      | Reached skill level 1 in Fire Magic
   120 | D:1      | Reached XP level 2. HP: 28/28 MP: 4/4
   127 | D:1      | Reached skill level 2 in Fighting
   533 | D:1      | Reached XP level 3. HP: 32/36 MP: 4/6
   810 | D:2      | Found a faded altar of an unknown god.
  1164 | D:2      | Reached skill level 3 in Fighting
  1171 | D:2      | Reached XP level 4. HP: 38/45 MP: 7/7
  1713 | D:2      | Reached XP level 5. HP: 17/46 MP: 9/9
  1966 | D:3      | Found a shadowy altar of Dithmenos.
  2019 | D:3      | Found a transporter.
  2020 | D:3      | Noticed Sundig's ghost (weakling DgFi)
  2022 | D:3      | Found a transporter.
  2035 | D:3      | Reached skill level 4 in Fighting
  2237 | D:3      | Found a white marble altar of Elyvilon.
  2237 | D:3      | Found a glowing golden altar of the Shining One.
  2237 | D:3      | Found a glowing silver altar of Zin.
  2927 | D:4      | Noticed a phantom
  2946 | D:4      | Killed a phantom
  2947 | D:4      | Reached skill level 1 in Shields
  2947 | D:4      | Reached XP level 6. HP: 30/63 MP: 11/11
  3114 | D:4      | Found Tidykiac's Overcharged Wands.
  3658 | D:4      | Reached skill level 5 in Fighting
  3708 | D:5      | Entered Level 5 of the Dungeon
  3873 | D:5      | Reached XP level 7. HP: 56/72 MP: 13/13
  4387 | D:5      | Found an opulent altar of Gozag.
  4455 | D:5      | Gained mutation: You expend magic power (3 MP) to
                  | strengthen your wands. [potion of mutation]
  4455 | D:5      | Gained mutation: You are robust. (+10% HP) [potion of
                  | mutation]
  5310 | D:5      | Found a shimmering altar of Xom.
  5484 | D:5      | Reached skill level 6 in Fighting
  5523 | D:5      | Reached skill level 5 in Spellcasting
  5651 | D:6      | Found a hazy altar of Hepliaklqana.
  5653 | D:6      | Found an iron altar of Okawaru.
  5734 | D:6      | Reached XP level 8. HP: 51/91 MP: 15/15
  6567 | D:6      | Found Burion's Vocational Training.
  7083 | D:7      | Noticed a two-headed ogre
  7083 | D:7      | Noticed a deep elf pyromancer
  7266 | D:5      | Found a burning altar of Makhleb.
  7291 | D:5      | Found a radiant altar of Vehumet.
  7296 | D:5      | Became a worshipper of Makhleb the Destroyer
  7532 | D:7      | HP: 3/92 [burnt (3)]
  7559 | D:7      | Slain by a two-headed ogre

Illustrated notes

Levels and vault maps discovered:
D:1:      lemuel_arrival_behind_the_door_large, layout_rooms, serial_aquarium,
          aquarium_bridge_square [aquarium_subvault_wall,
          aquarium_subvault_balcony, aquarium_subvault_balcony,
          aquarium_subvault_bridge], aquarium_window_fake,
          aquarium_window_corridor_1, aquarium_window_1, aquarium_window_double,
          aquarium_view_2b, aquarium_pool_1, ebering_dispersal_statue_hall,
          minmay_crystal_water, minmay_pentomino_r2
D:2:      layout_rooms, basic_ecumenical_altar, st_stairs_6
D:3:      layout_rooms, dreamdust_divine_triumvirate, lemuel_round_altar,
          gammafunk_ghost_arena, minmay_cupped
D:4:      layout_gridville, nicolae_shop_overcharged_wands
D:5:      layout_basic, grunt_temple_overflow_lords_of_destruction,
          grunt_gozag_statues, kennysheep_little_box, dreamdust_wishing_well
D:6:      layout_cave_pods, nicolae_overflow_hidden_temple,
          nicolae_shop_vocational
D:7:      layout_cave_pools, mainiacjoe_overflow_paths,
          minmay_temple_entry_ruins, minivault_24

Skill      XL: |  1  2  3  4  5  6  7 |
---------------+----------------------+-----
Fire Magic     | 1 2 3 4 |  4.5
Fighting       | 2 3 4 5 6 |  6.7
Spellcasting   | 2 3 4 5 |  5.5
Shields        | 1 2 3 |  3.8
Ranged Weapons | |  1.3
Dodging        | |  1.7
Hexes          | |  2.6
Invocations    | |  0.2

Action                     |  1- 3 |  4- 6 |  7- 9 || total
---------------------------+-------+-------+-------++-------
  Melee: Broad axe         |       |    41 |    45 ||    86
         Punch             |       |     1 |       ||     1
         Sling             |       |       |     6 ||     6
   Fire: Sling             |   130 |   221 |   258 ||   609
  Evoke: Wand              |       |       |     5 ||     5
    Use: Scroll            |     5 |     3 |     8 ||    16
         Potion            |       |     4 |     9 ||    13
 Armour: Robe              |    47 |   161 |   243 ||   451
         Skin              |       |    18 |    27 ||    45
  Dodge: Dodged            |    48 |   120 |   195 ||   363

Table legend: (Time is in decaauts)
 A = Elapsed time spent in this place.
 B = Non-inter-level travel time spent in this place.
 C = Inter-level travel time spent in this place.
 D = Time resting spent in this place.
 E = Time spent auto-exploring this place.
 F = Levels seen in this place.
 G = Mean time per level.
                   A        B        C        D        E       F      G
               +--------+--------+--------+--------+--------+-----+--------+
         Total |   7815 |   7374 |    441 |   2146 |   3294 |   7 | 1116.4 |
       Dungeon |   7815 |   7374 |    441 |   2146 |   3294 |   7 | 1116.4 |
               +--------+--------+--------+--------+--------+-----+--------+

Top non-repeatable levels by time:
     D:5: 1803 daAuts
     D:4: 1620 daAuts
     D:6: 1562 daAuts
     D:2: 1228 daAuts
     D:1: 798 daAuts
     D:3: 734 daAuts
     D:7: 68 daAuts
